 Dungeon Crawl Stone Soup version 0.17-a0-1020-ge683cc4 (webtiles) character file.

146 Postman the Sneak (level 5, -5/36 HPs)
             Began as a Demonspawn Enchanter on May 18, 2015.
             Was an Initiate of Dithmenos.
             Killed from afar by an orc wizard (8 damage)
             ... with a puff of frost
             ... on level 4 of the Dungeon.
             The game lasted 00:20:08 (3152 turns).

Postman the Sneak (Demonspawn Enchanter)            Turns: 3152, Time: 00:20:09

Health: -5/36      AC:  4    Str:  8    XL:     5   Next: 7%
Magic:  1/9        EV: 13    Int: 18    God:    Dithmenos [......]
Gold:   153        SH:  0    Dex: 17    Spells: 3 memorised, 0 levels left

rFire  . . .     SeeInvis .     a - +1 dagger
rCold  . . .     Clarity  .     b - +1 robe
rNeg   . . .     SustAb   .     (no shield)
rPois  .         Gourm    +     (no helmet)
rElec  .         Spirit   .     (no cloak)
rCorr  .         Warding  .     (no gloves)
rMut   .         Stasis   .     (no boots)
MR     .....                    f - amulet of the gourmand
Stlth  +++.......               (no ring)
                                e - +4 ring of dexterity

@: not resistant to hostile enchantments, fairly stealthy
A: talons 2, icy blue scales 1
a: Renounce Religion


You were on level 4 of the Dungeon.
You worshipped Dithmenos.
Dithmenos was noncommittal.
You were hungry.

You visited 1 branch of the dungeon, and saw 4 of its levels.

You collected 153 gold pieces.

Inventory:

Hand weapons
 a - a +1 dagger (weapon)
 p - a +2 spear of piercing
Armour
 b - a +1 robe (worn)
 n - a cursed +0 chain mail
Jewellery
 e - a +4 ring of dexterity (left hand)
 f - an amulet of the gourmand (around neck)
Magical devices
 l - a wand of fireball (6)
Scrolls
 g - 2 scrolls of identify
 h - a scroll of fog {unknown}
 o - a scroll of enchant armour {unknown}
 t - 3 scrolls of random uselessness {unknown}
Potions
 m - 2 potions of degeneration {unknown}
 q - a potion of magic {unknown}
 r - a potion of cancellation {unknown}
 s - 2 potions of poison {unknown}
Books
 c - a book of Maledictions

   Spells                             Type                      Level
   a - Corona                         Hexes                        1
   b - Ensorcelled Hibernation        Hexes/Ice                    2
   c - Confuse                        Hexes                        3
   d - Tukima's Dance                 Hexes                        3
   e - Dazzling Spray                 Conjuration/Hexes            3
Comestibles
 d - 3 bread rations
 j - 3 meat rations


   Skills:
 + Level 0.8 Fighting
 + Level 1.4 Short Blades
 + Level 2.9 Dodging
 + Level 3.5 Stealth
 + Level 2.7 Spellcasting
 + Level 3.5 Hexes


You couldn't memorise any spells.
You knew the following spells:

 Your Spells              Type           Power        Failure   Level  Hunger
a - Tukima's Dance        Hex            ###.....     14%         3    ###....
b - Confuse               Hex            ###.....     14%         3    ###....
c - Dazzling Spray        Conj/Hex       #.......     30%         3    ###....


Dungeon Overview and Level Annotations

Branches:
Dungeon (4/15)
 Temple: D:4-7

Altars:
Dithmenos
Ru

Annotations:
D:3 Torax's ghost, average TrMo


Innate Abilities, Weirdness & Mutations

You have razor-sharp toenails.
You are partially covered in icy blue scales (AC +1).


Message History

You feel better. The orc wizard hits you. The rat completely misses you.
The orc wizard gestures at you while chanting.
The puff of frost hits you!
* * * LOW HITPOINT WARNING * * *
The orc wizard misses you.
You closely miss the orc wizard. Your kick misses the orc wizard.
The orc wizard is lightly wounded.
The orc wizard hits you.
* * * LOW HITPOINT WARNING * * *
The rat misses you.
The orc wizard gestures at you while chanting.
The magic dart hits you!
* * * LOW HITPOINT WARNING * * *
Your dagger hits the orc but does no damage.
Your dagger hits the orc but does no damage.
The orc wizard hits you.
* * * LOW HITPOINT WARNING * * *
The orc wizard points at you and mumbles some strange words.
The puff of frost hits you!
You die...

......####...# ##.###..
.........>...### ####..# ##.
.........##....### ###.....#
##
.......#####.....####.......#
# ......##
##...............## ......#
##.......###.....# ......#
##...#### #.....##
.......#######...## #......##
................@# #.......##
.........## #.........
.......o## #.....####
#####..r# ##.....# # ##.o##
#.....## ######.(.# #.....#
..........# ##.....#
..........## #.....##
...........## ##.....#


You could see an orc wizard and a rat.

Vanquished Creatures
  A scorpion (D:4)
  Natasha (thrice) (D:3)
  An adder (D:4)
  An ooze (D:1)
  2 worms (D:3)
  3 giant geckos
  3 bats
  3 goblins
  4 hobgoblins
  3 jackals (D:4)
  8 kobolds
  2 quokkas
  2 ball pythons
  6 giant cockroaches
  4 giant newts
  2 rats (D:1)
48 creatures vanquished.

Vanquished Creatures (collateral kills)
  2 orcs (D:4)
2 creatures vanquished.

Vanquished Creatures (others)
  A dancing weapon (D:4)
  A plant (D:4)
2 creatures vanquished.

Grand Total: 52 creatures vanquished

Notes
Turn   | Place    | Note
--------------------------------------------------------------
     0 | D:1      | Postman the Demonspawn Enchanter began the quest for the Orb.
     0 | D:1      | Reached XP level 1. HP: 13/13 MP: 3/3
   144 | D:1      | Gained mutation: You are partially covered in icy blue scales (AC +1). [demonic ancestry]
   144 | D:1      | Reached XP level 2. HP: 14/19 MP: 5/5
   754 | D:1      | Reached skill level 1 in Short Blades
  1108 | D:2      | Gained mutation: You have sharp toenails. [demonic ancestry]
  1108 | D:2      | Reached XP level 3. HP: 24/24 MP: 6/6
  1135 | D:2      | Learned a level 3 spell: Confuse
  1575 | D:3      | Found a sacrificial altar of Ru.
  1774 | D:3      | Noticed Natasha
  1775 | D:3      | Found a shadowy altar of Dithmenos.
  1787 | D:3      | Killed Natasha
  1795 | D:3      | Noticed Torax's ghost (average TrMo)
  2021 | D:3      | Became a worshipper of Dithmenos the Shadowed
  2123 | D:3      | Noticed Natasha
  2127 | D:3      | Killed Natasha
  2127 | D:3      | Reached XP level 4. HP: 31/31 MP: 3/7
  2132 | D:3      | Learned a level 3 spell: Tukima's Dance
  2262 | D:3      | Noticed Natasha
  2270 | D:3      | Killed Natasha
  2851 | D:4      | Gained mutation: You have razor-sharp toenails. [demonic ancestry]
  2851 | D:4      | Reached XP level 5. HP: 15/36 MP: 4/9
  2886 | D:4      | Learned a level 3 spell: Dazzling Spray
  3152 | D:4      | Killed from afar by an orc wizard

Vault maps used:
D:1:      minmay_arrival_arboretum_small
D:3:      grunt_dithmenos_smoke_and_mirrors, old_standard_altar, serial_forest,
          infiniplex_forest_clump_diagonal, infiniplex_forest_lined_room_3,
          infiniplex_forest_lined_4_way, infiniplex_forest_corner_2,
          infiniplex_forest_lined_4_way, infiniplex_forest_lined_3,
          infiniplex_forest_lined_room_2, infiniplex_forest_zigzag_2,
          first_bread, uniq_natasha
D:4:      serial_park_square1

Action                   |  1- 3 |  4- 6 || total
-------------------------+-------+-------++-------
Melee: Dagger            |   145 |    79 ||   224
 Cast: Corona            |    13 |       ||    13
       Confuse           |     4 |     4 ||     8
       Tukima's Dance    |       |     4 ||     4
  Use: Scroll            |     5 |       ||     5
       Potion            |       |     2 ||     2
 Stab: Sleeping          |     6 |       ||     6
       Confused          |     3 |     2 ||     5
  Eat: Chunk             |     2 |     2 ||     4
       Bread ration      |     1 |       ||     1
